 Dungeon Crawl Stone Soup version 0.15.0-18-g9076a4f (webtiles) character file.

1110 Kae the Conjurer (level 8, -4/41 HPs)
             Began as a Tengu Fire Elementalist on Sept 7, 2014.
             Killed from afar by Dowan (7 damage)
             ... with a puff of flame
             ... on Level 6 of the Dungeon.
             The game lasted 00:14:55 (6950 turns).

Kae the Conjurer (Tengu Fire Elementalist)          Turns: 6950, Time: 00:14:55

HP  -4/41        AC  2     Str  9      XL: 8   Next: 33%
MP  20/20        EV 12     Int 17      God:
Gold 339         SH  0     Dex 15      Spells:  3 memorised,  9 levels left

rFire  . . .     SeeInvis .     r - +0 trident
rCold  . . .     Clarity  .     a - +0 robe
rNeg   . . .     rCorr    .     (no shield)
rPois  .         rRot     .     (helmet restricted)
rElec  .         Spirit   .     (no cloak)
SustAb .         Warding  .     (no gloves)
rMut   .         Stasis   .     (boots unavailable)
Gourm  .                        (no amulet)
MR     .....                    (no ring)
                                (no ring)

@: not resistant to hostile enchantments, unstealthy
A: able to fly, beak, talons 3
a: Fly


You were on level 6 of the Dungeon.
You were not hungry.

You visited 1 branch of the dungeon, and saw 6 of its levels.

You collected 339 gold pieces.

Inventory:

Hand weapons
 r - a +0 trident (weapon)
Armour
 a - a +0 robe (worn)
Magical devices
 v - a wand of polymorph (0)
Comestibles
 c - 3 bread rations
 l - 3 fruits
 m - a meat ration
 w - a rotting chunk of jackal flesh
 x - 2 chunks of orc flesh
Scrolls
 e - a scroll of blinking {unknown}
 i - a scroll of fog {unknown}
 j - 2 scrolls of enchant weapon {unknown}
 n - a scroll of fear {unknown}
 o - 2 scrolls of noise {unknown}
 p - 4 scrolls of identify {unknown}
 s - 4 scrolls of remove curse {unknown}
 t - 2 scrolls of teleportation {unknown}
 u - a scroll of random uselessness {unknown}
Jewellery
 y - an uncursed amulet of faith {unknown}
Potions
 d - a potion of porridge
 f - 3 potions of curing
 g - 3 potions of agility {unknown}
 h - 2 potions of restore abilities {unknown}
 k - a potion of confusion {unknown}
 q - a potion of invisibility {unknown}
Books
 b - a book of Flames

   Spells                             Type                      Level
   *Flame Tongue                      Conjuration/Fire             1
   *Throw Flame                       Conjuration/Fire             2
   *Conjure Flame                     Conjuration/Fire             3
   Inner Flame                        Hexes/Fire                   3
   Sticky Flame                       Conjuration/Fire             4
   Fireball                           Conjuration/Fire             5


   Skills:
 - Level 2.1 Dodging
 - Level 2.0 Stealth
 + Level 4.2 Spellcasting
 * Level 8.0 Conjurations
 * Level 7.4 Fire Magic


You had 9 spell levels left.
You knew the following spells:

 Your Spells              Type           Power        Failure   Level  Hunger
a - Flame Tongue          Conj/Fire      ####.        1%          1    None
b - Throw Flame           Conj/Fire      ####..       1%          2    ##.....
c - Conjure Flame         Conj/Fire      ####....     1%          3    ###....


Dungeon Overview and Level Annotations

Branches:
Dungeon (6/15)
 Temple: D:4-7

Altars:
Elyvilon
Xom
Zin

Shops:
D:5 %

Annotations:
D:4 exclusion: phantom, Velyks' ghost, average MiFi
D:6 Dowan; Duvessa


Innate Abilities, Weirdness & Mutations

You can fly.
You have a beak for a mouth.
You have claws for feet.


Message History

You reach to attack!
You closely miss Duvessa.
Duvessa zaps a wand.
The puff of frost misses you.
You completely miss Duvessa. You claw Duvessa, but do no damage.
Dowan gestures wildly while chanting.
Dowan blinks!
Duvessa hits you with a runed short sword.
Duvessa freezes you.
You closely miss Duvessa. You peck Duvessa, but do no damage.
Duvessa zaps a wand.
The puff of frost hits you!
* * * LOW HITPOINT WARNING * * *
The giant newt misses you.
Unknown command.
Unknown command.
The giant newt bites you.
* * * LOW HITPOINT WARNING * * *
Duvessa zaps a wand.
The puff of frost hits you!
* * * LOW HITPOINT WARNING * * *
Dowan gestures at you while chanting. The puff of flame hits you!
You die...

..###..##.## #
#..#....... ..#
#..........
...###.........# ..
#...#....e....##
#... #
#...........e.###..#
.#
#.......##.lF.#..#
..###......#
##......#
#..#.......##
##@....#
#....###....#
#...#..... ....##
##.<.# ##..## #..
....## #...###...#
##...# #....#...##
##...# #.)......#
###..####.).####.#
###..o.##..## ##..
.#..###...## #.#


You could see Duvessa, Dowan, a giant frog and a giant newt.

Vanquished Creatures
  Edmund (D:3)
  3 ogres (D:4)
  2 phantoms
  A centaur (D:5)
  A black bear zombie (D:5)
  3 orc priests
  2 crimson imps (D:5)
  2 orc wizards
  3 worker ants
  4 adders
  A giant mite (D:3)
  3 worms
  An orc skeleton (D:5)
  4 giant geckos
  7 orcs
  11 bats
  9 giant cockroaches
  18 hobgoblins
  4 jackals (D:5)
  9 kobolds
  A quokka (D:5)
  5 giant newts
  9 goblins
  A hobgoblin skeleton (D:5)
  15 rats
120 creatures vanquished.

Notes
Turn   | Place    | Note
--------------------------------------------------------------
     0 | D:1      | Kae, the Tengu Fire Elementalist, began the quest for the Orb.
     0 | D:1      | Reached XP level 1. HP: 10/10 MP: 3/3
   309 | D:1      | Reached XP level 2. HP: 6/15 MP: 1/5
  1003 | D:1      | Reached XP level 3. HP: 19/19 MP: 3/7
  1475 | D:2      | Found a shimmering altar of Xom.
  1528 | D:2      | Reached skill level 4 in Fire Magic
  2040 | D:2      | Reached XP level 4. HP: 21/24 MP: 9/9
  2157 | D:2      | Found a glowing silver altar of Zin.
  3446 | D:3      | Reached XP level 5. HP: 19/28 MP: 11/11
  3694 | D:4      | Noticed a phantom
  3730 | D:4      | Noticed an ogre
  3787 | D:4      | Learned a level 2 spell: Throw Flame
  3791 | D:4      | Learned a level 3 spell: Conjure Flame
  4037 | D:4      | Killed a phantom
  4037 | D:4      | Reached skill level 5 in Conjurations
  4037 | D:4      | Reached skill level 5 in Fire Magic
  4037 | D:4      | Reached XP level 6. HP: 25/32 MP: 4/14
  4189 | D:4      | Noticed Edmund
  4191 | D:4      | Noticed Velyks' ghost (average MiFi)
  4743 | D:4      | Killed an ogre
  4824 | D:4      | Noticed an ogre
  4829 | D:4      | Killed an ogre
  4829 | D:4      | Reached skill level 6 in Conjurations
  4829 | D:4      | Reached XP level 7. HP: 13/36 MP: 13/17
  5047 | D:3      | Killed Edmund
  5119 | D:4      | Noticed an ogre
  5170 | D:4      | Killed an ogre
  5280 | D:5      | Entered Level 5 of the Dungeon
  5296 | D:5      | Found a white marble altar of Elyvilon.
  5718 | D:5      | Reached skill level 7 in Conjurations
  5805 | D:5      | Reached XP level 8. HP: 20/41 MP: 15/19
  6618 | D:5      | Found Smuzxauc's Food Shoppe.
  6920 | D:6      | Reached skill level 8 in Conjurations
  6941 | D:6      | Noticed Duvessa
  6941 | D:6      | Noticed Dowan
  6950 | D:6      | Killed from afar by Dowan

Action                   |  1- 3 |  4- 6 |  7- 9 || total
-------------------------+-------+-------+-------++-------
Melee: Unarmed           |    73 |    48 |       ||   121
       Trident           |       |    26 |   156 ||   182
 Cast: Flame Tongue      |    45 |    63 |    49 ||   157
       Conjure Flame     |       |     3 |     3 ||     6
       Throw Flame       |       |     7 |     9 ||    16
 Abil: Fly               |       |     1 |     2 ||     3
  Use: Potion            |     1 |     1 |     3 ||     5
 Stab: Sleeping          |     1 |       |     1 ||     2
  Eat: Chunk             |     4 |     7 |     8 ||    19
       Beef jerky        |       |     1 |       ||     1
       Pizza             |       |       |     1 ||     1
